 Dungeon Crawl Stone Soup version 0.23.0 (webtiles) character file.

Game seed: 5356357945490365982

51 misha the Ducker (level 3, -2/28 HPs)
             Began as a Merfolk Gladiator on Feb 17, 2019.
             Slain by Natasha (4 damage)
             ... on level 2 of the Dungeon.
             The game lasted 00:14:59 (2730 turns).

misha the Ducker (Merfolk Gladiator)                Turns: 2730, Time: 00:14:59

Health: -2/28      AC:  4    Str: 15    XL:     3   Next: 83%
Magic:  3/3        EV:  9    Int:  7    God:
Gold:   90         SH: 11    Dex: 15    Spells: 2/2 levels left

rFire    . . .     SeeInvis .   a - +0 rapier
rCold    . . .     Gourm    .   p - +0 large shield {rN+}
rNeg     + . .     Faith    .   b - +0 leather armour
rPois    .         Spirit   .   c - +0 helmet
rElec    .         Reflect  .   (no cloak)
rCorr    .         Harm     .   (no gloves)
MR       .....                  (no boots)
Stlth    +.........             (no amulet)
HPRegen  0.09/turn              (no ring)
MPRegen  0.08/turn              (no ring)

@: slowed, very slow
A: change form in water, swift swim, stealthy swim
a: no special abilities


You were on level 2 of the Dungeon.
You were very hungry.

You visited 1 branch of the dungeon, and saw 2 of its levels.

You collected 90 gold pieces.

Inventory:

Hand Weapons
 a - a +0 rapier (weapon)
 n - a +0 dagger
 r - a +0 dagger
 s - a +0 dagger
 t - a +0 dagger
 u - a +0 club
Missiles
 d - 10 javelins
 k - 41 stones
 q - 3 throwing nets (quivered)
 v - 35 sling bullets
Armour
 b - a +0 leather armour (worn)
 c - a +0 helmet (worn)
 m - a +0 robe
 p - a +0 large shield of positive energy (worn)
Jewellery
 o - a cursed -3 ring of evasion {unknown}
Scrolls
 e - a scroll of teleportation {unknown}
 i - a scroll of blinking {unknown}
 l - 2 scrolls of remove curse {unknown}
 x - 2 scrolls of enchant weapon {unknown}
Potions
 g - a potion of brilliance {unknown}
 h - a potion of haste {unknown}
 j - a potion of resistance {unknown}
 w - a potion of might {unknown}
 z - a potion of invisibility {unknown}
 A - a potion of lignification {unknown}
Comestibles
 f - 3 rations


   Skills:
 + Level 2.4 Fighting
 + Level 4.6 Short Blades
 + Level 2.1 Throwing
 + Level 0.6 Armour
 + Level 4.6 Dodging
 + Level 0.2 Shields


You had 2 spell levels left.
You didn't know any spells.
Your spell library was empty.

Dungeon Overview and Level Annotations

Branches:
Dungeon (2/15)

Altars:

Annotations:
D:2 Natasha


Message History

You feel yourself slow down. Natasha barely misses you.
You block Natasha's attack.
Natasha stares at you and mumbles some strange words.
The magic dart hits you.
You barely miss Natasha. Natasha casts a spell at you.
You feel as though you will be slow longer.
You block Natasha's attack.
You closely miss Natasha. Natasha claws you.
You hit Natasha but do no damage. Natasha claws you. x2
You are too injured to fight recklessly!
You completely miss Natasha. Natasha claws you!
* * * LOW HITPOINT WARNING * * *
Natasha closely misses you.
You are too injured to fight recklessly!
You barely miss Natasha. Natasha closely misses you.
You are too injured to fight recklessly!
You closely miss Natasha. Natasha barely misses you. Natasha claws you.
You die...

.###.#.....###
#.#.......# ..
#......#.##
....###.#..###.#.
.....[.....# #.#. #
..####.#..###.#. #.
#.#........
#..########.#..###...
#...@h......#..###...
#.######.............
#.#...........
#.#.###.####..
#.#.###.####..
...#####.#...........
.........###.........
...#####.# .######..
#.# #.#


You could see Natasha.

Vanquished Creatures
  An ooze (D:2)
  A worm (D:2)
  4 dart slugs
  6 bats (D:1)
  2 giant cockroaches
  4 goblins
  3 hobgoblins (D:1)
  2 frilled lizards
  8 kobolds
  5 rats (D:1)
36 creatures vanquished.

Notes
Turn   | Place    | Note
-------+----------+-------------------------------------------
     0 | D:1      | misha the Merfolk Gladiator began the quest for the Orb.
     0 | D:1      | Reached XP level 1. HP: 16/16 MP: 1/1
    86 | D:1      | Reached XP level 2. HP: 19/22 MP: 2/2
   499 | D:1      | Reached XP level 3. HP: 27/27 MP: 3/3
  2714 | D:2      | Noticed Natasha
  2730 | D:2      | Slain by Natasha

Skill      XL: |  1 |
---------------+----+-----
Short Blades   | 4 |  4.6
Fighting       | |  2.4
Throwing       | |  2.1
Armour         | |  0.6
Dodging        | |  4.6
Shields        | |  0.2

Action                   || total
-------------------------++-------
Melee: Rapier            ||   145
  Eat: Ration            ||     1
       Chunk             ||     1
Armor: Leather armour    ||    27
Dodge: Dodged            ||    81
Block: Large shield      ||    49
